 Dungeon Crawl Stone Soup version 0.24-a0-378-g94936e539c (webtiles) character file.

Game seed: 17265665036197752910

21 RitorJet the Caller (level 2, -9/19 HPs)
             Began as a Mummy Summoner on June 2, 2019.
             Killed from afar by an orc wizard (13 damage)
             ... with a puff of flame
             ... on level 2 of the Dungeon.
             The game lasted 00:04:06 (1107 turns).

RitorJet the Caller (Mummy Summoner)                Turns: 1107, Time: 00:04:07

Health: -9/19      AC:  3    Str: 11    XL:     2   Next: 65%
Magic:  2/6        EV: 12    Int: 14    God:
Gold:   51         SH:  0    Dex: 12    Spells: 6/7 levels left

rFire    x . .     SeeInvis .   b - -2 club (curse)
rCold    + . .     Gourm    .   (no shield)
rNeg     + + +     Faith    .   a - +0 robe
rPois    ∞         Spirit   .   (no helmet)
rElec    .         Reflect  .   (no cloak)
rCorr    .         Harm     .   c - +0 pair of gloves
MR       .....                  (no boots)
Stlth    ++........             (no amulet)
HPRegen  0.06/turn              (no ring)
MPRegen  0.10/turn              (no ring)

@: no status effects
A: no food or potions, fire vulnerability, cold resistance 1, negative energy
resistance 3, torment resistance, unbreathing
a: no special abilities


You were on level 2 of the Dungeon.
You were not hungry.

You visited 1 branch of the dungeon, and saw 2 of its levels.

You collected 51 gold pieces.

Inventory:

Hand Weapons
 b - a cursed -2 club (weapon)
 d - a +0 club
 e - a +0 mace
Armour
 a - a +0 robe (worn)
 c - a +0 pair of gloves (worn)
Scrolls
 f - a scroll of fog {unknown}
 g - a scroll of immolation {unknown}


   Skills:
 - Level 1.5 Dodging
 + Level 2.0 Stealth
 + Level 3.2 Spellcasting
 + Level 3.5 Summonings


You had 6 spell levels left.
You knew the following spells:

 Your Spells              Type           Power        Failure   Level  Hunger
a - Summon Small Mammal   Summ           ##..         4%          1    N/A

Your spell library contained the following spells:

 Spells                   Type           Power        Failure   Level  Hunger
 Call Imp                 Summ           ##......     8%          2    N/A
 Call Canine Familiar     Summ           ##......     14%         3    N/A
 Animate Skeleton         Necr           N/A          22%         1    N/A
 Apportation              Tloc           #.....       22%         1    N/A
 Confusing Touch          Hex            #.....       22%         1    N/A
 Summon Guardian Golem    Hex/Summ       #.......     30%         3    N/A
 Summon Ice Beast         Ice/Summ       #.......     69%         4    N/A
 Summon Lightning Spire   Summ/Air       #.......     69%         4    N/A

Dungeon Overview and Level Annotations

Branches:
Dungeon (2/15)

Altars:
Ashenzari


Innate Abilities, Weirdness & Mutations

You do not eat or drink.
Your flesh is vulnerable to fire.
You are immune to poison.
Your flesh is cold resistant. (rC+)
You are immune to negative energy. (rN+++)
You are immune to unholy pain and torment.
You can survive without breathing.


Message History

The orc hits your bat with a +0 hand axe.
The orc barely misses your quokka.
Your quokka completely misses the orc.
A frilled lizard comes into view.
The orc wizard barely misses you.
Your bat hits the orc wizard but does no damage.
Your bat hits the orc wizard but does no damage.
Your bat closely misses the orc wizard.
Your bat hits the orc wizard.
Your bat hits the orc but does no damage.
The orc wizard gestures at you while chanting.
The puff of flame hits your bat!
Your bat dies!
Your bat's corpse disappears in a puff of smoke!
Your quokka closely misses the orc.
The kobold hits your quokka with a +0 dagger.
The orc closely misses your quokka. The orc barely misses your bat.
Your bat hits the orc wizard but does no damage.
The orc wizard casts a spell at you. The puff of flame hits you!
The fire burns you terribly!
Ouch! That really hurt!
You die...

### .. b#
#############o###
#...........)ob.###
#.######..@.rK..l...
#.####.#.#..# #.# .#
# # #.# .# #.# .#
#.# .# #.# .. ##.##
##...## #


You could see an orc wizard, an orc, a kobold, a frilled lizard, a friendly
quokka and a friendly bat.

Vanquished Creatures
  An adder (D:2)
  A goblin (D:1)
  A jackal (D:1)
  A frilled lizard (D:2)
  A kobold (D:2)
  2 rats
7 creatures vanquished.

Vanquished Creatures (collateral kills)
  An orc (D:2)
  2 goblins (D:1)
  3 jackals (D:1)
  2 kobolds (D:1)
  2 bats (D:1)
  2 rats (D:1)
12 creatures vanquished.

Grand Total: 19 creatures vanquished

Notes
Turn   | Place    | Note
-------+----------+-------------------------------------------
     0 | D:1      | RitorJet the Mummy Summoner began the quest for the Orb.
     0 | D:1      | Reached XP level 1. HP: 13/13 MP: 4/4
    80 | D:1      | Found a shattered altar of Ashenzari.
   688 | D:1      | Reached XP level 2. HP: 15/19 MP: 0/6
  1107 | D:2      | Killed from afar by an orc wizard

Levels and vault maps discovered:
D:1:      lemuel_arrival_funnel, layout_basic, ashenzari_altar_1
D:2:      layout_loops_ring, grunt_ministairs_6, minmay_shallow_snake_nest

Skill      XL: |  1  2 |
---------------+-------+-----
Spellcasting   | 3 |  3.2
Stealth        | 2 |  2.0
Dodging        | |  1.5
Summonings     | |  3.5

Action                   || total
-------------------------++-------
Melee: Unarmed           ||    12
       Club              ||    31
 Cast: Summon Small Mamm ||    43
  Use: Scroll            ||     1
 Stab: Distracted        ||     1
Armor: Robe              ||    14
Dodge: Dodged            ||    56

Table legend:
 A = Non-vault XP
 B = Vault XP
 C = Vault XP percentage of total XP
 D = Non-vault monster count
 E = Vault monster count
 F = Vault count percentage of total count
                 A         B        C        D         E       F
            +---------+---------+-------+---------+---------+-------
      Total |      31 |       0 |   0.0 |      19 |       0 |   0.0
            +---------+---------+-------+---------+---------+-------
        D:1 |      17 |       0 |   0.0 |      14 |       0 |   0.0
        D:2 |      14 |       0 |   0.0 |       5 |       0 |   0.0
            +---------+---------+-------+---------+---------+-------
